 Seeded DCSS version 0.30-a0-137-gd8773701ce (webtiles) character file.

Game seed: 17449535771758996794 (custom seed)

129 flotson the Sneak (level 4, -2/37 HPs)
             Began as a Demonspawn Delver on Sept 21, 2022.
             Slain by Crazy Yiuf
             ... wielding a +2 quarterstaff of chaos
              (23 damage)
             ... on level 2 of the Dungeon.
             The game lasted 00:04:29 (2517 turns).

flotson the Sneak (Demonspawn Delver)               Turns: 2517, Time: 00:04:30

Health: -2/37      AC:  7    Str: 15    XL:     4   Next: 88%
Magic:  4/4        EV:  9    Int: 11    God:
Gold:   157        SH:  4    Dex: 14    Spells: 3/3 levels left

rFire   . . .      SeeInvis .    a - +6 long sword of Woe {freeze, rElec}
rCold   . . .      Faith    .    v - +0 buckler
rNeg    . . .      Spirit   .    h - +0 scale mail
rPois   .          Reflect  .    (no helmet)
rElec   +          Harm     .    (no cloak)
rCorr   .          Rampage  .    (no gloves)
Will    .....                    (no boots)
Stlth   +.........               (no amulet)
HPRegen 0.12/turn                (no ring)
MPRegen 0.09/turn                (no ring)

@: no status effects
A: rugged brown scales 1, weakness stinger 2
a: no special abilities


You were on level 2 of the Dungeon.
You visited 1 branch of the dungeon, and saw 5 of its levels.

You collected 157 gold pieces.

Inventory:

Hand Weapons
 a - the +6 long sword of Woe (weapon) {freeze, rElec}
   (You found it on level 3 of the Dungeon)

   It freezes those it strikes, dealing additional cold damage.
   It can also slow down cold-blooded creatures.
   rElec:     It insulates you from electricity.
 b - a +0 sling
Missiles
 i - 2 poisoned darts (quivered)
Armour
 h - a +0 scale mail (worn)
 v - a +0 buckler (worn)
Jewellery
 j - the ring of Pelim {Drain +Blink Fly rN+ rCorr}
   (You found it on level 3 of the Dungeon)

   [ring of positive energy]

   rN:        It protects you from negative energy.
   Fly:       It grants you flight.
   +Blink:    It lets you blink.
   rCorr:     It protects you from acid and corrosion.
   Drain:     It drains your maximum health when unequipped.
Wands
 g - a wand of digging (3)
 m - a wand of paralysis (9)
Scrolls
 c - a scroll of fog
 d - 3 scrolls of magic mapping
 e - a scroll of noise {unknown}
 k - 7 scrolls of identify {unknown}
 u - 2 scrolls of enchant armour {unknown}
 w - 2 scrolls of fear
 x - a scroll of poison {unknown}
Potions
 f - a potion of haste
 l - 2 potions of attraction {unknown}
 n - a potion of resistance {unknown}
 o - 3 potions of degeneration {unknown}
 p - 4 potions of curing {unknown}
 q - 2 potions of might {unknown}
 r - a potion of lignification {unknown}
 s - a potion of cancellation {unknown}
 t - a potion of heal wounds {unknown}


   Skills:
 + Level 3.6 Fighting
 - Level 1.7 Axes
 + Level 1.3 Throwing
 + Level 1.6 Armour
 + Level 2.5 Dodging
 - Level 4.5 Stealth
 + Level 0.7 Shields
 + Level 1.7 Evocations


You had 3 spell levels left.
You didn't know any spells.
Your spell library was empty.

Dungeon Overview and Level Annotations

Branches:
Dungeon (5/15)
 Temple: D:4-7

Altars:

Annotations:
D:2 Crazy Yiuf
D:3 Terence


Innate Abilities, Weirdness & Mutations

You are partially covered in rugged brown scales. (AC +1, +3% HP)
You have a tail ending in a sharp stinger.


Message History

Found an escape hatch in the floor.
There is an escape hatch in the floor here.
There is a stone staircase leading up here.
You see here a +0 spear. 2 hobgoblins come into view.
Found an escape hatch in the ceiling.
You see here 9 gold pieces.
The hobgoblin hits you but does no damage.
You hit the hobgoblin. You freeze the hobgoblin.
The hobgoblin is severely wounded.
The hobgoblin hits you.
You hit the hobgoblin. You freeze the hobgoblin.
You kill the hobgoblin!
The hobgoblin shouts!
You slash the hobgoblin! You freeze the hobgoblin.
You kill the hobgoblin!
No target in view!
No target in view!
No target in view!
No target in view!
No target in view!
You now have 149 gold pieces (gained 9).
There is an escape hatch in the ceiling here.
A quokka comes into view.
A quokka is nearby!
You hit the quokka. You freeze the quokka.
You kill the quokka!
No target in view!
No target in view!
No target in view!
No target in view!
No target in view!
You now have 157 gold pieces (gained 8).
Found a hammer.
Found a runed translucent door.
Crazy Yiuf shouts!
You open the door.
Crazy Yiuf zaps a wand.
The puff of flame hits you!
Crazy Yiuf hits you with a +2 quarterstaff of chaos.
Space warps horribly around you!!
Ouch! That really hurt!
You die...

### #####
).# #..)#
#[######.
#...#
.........
#.g.#
.........
#@#
#.#######
##.# #.#
#.## #.#
##.# ..#
#.## ..#
##.##
..####
#...##
......
#....#
..####
#....#


You could see Crazy Yiuf.

Vanquished Creatures
  Jessica (D:2)
  2 gnolls
  An adder (D:3)
  2 worms
  A dart slug (D:1)
  6 orcs
  3 bats
  6 endoplasms
  3 giant cockroaches (D:1)
  5 goblins
  7 hobgoblins
  3 quokkas
  3 ball pythons (D:1)
  3 frilled lizards
  7 kobolds
  4 rats
57 creatures vanquished.

Notes
Turn   | Place    | Note
-------+----------+-------------------------------------------
     0 | D:5      | flotson the Demonspawn Delver began the quest for the Orb.
     0 | D:5      | Reached XP level 1. HP: 18/18 MP: 1/1
    18 | D:5      | Noticed an ogre
   148 | D:3      | Gained mutation: You are partially covered in rugged brown
                  | scales. (AC +1, +3% HP) [demonic ancestry]
   148 | D:3      | Reached XP level 2. HP: 13/24 MP: 2/2
   323 | D:3      | Identified the +6 long sword of Woe {freeze, rElec}
   351 | D:3      | Identified the ring of Pelim {Drain +Blink Fly rN+ rCorr}
   615 | D:3      | Reached skill level 1 in Evocations
   615 | D:3      | Gained mutation: You have a small tail. [demonic ancestry]
   615 | D:3      | Reached XP level 3. HP: 9/29 MP: 3/3
  1071 | D:2      | Noticed Terence
  1094 | D:2      | Reached skill level 1 in Throwing
  1357 | D:2      | Reached skill level 1 in Armour
  1887 | D:1      | Gained mutation: You have a tail ending in a sharp stinger.
                  | [demonic ancestry]
  1887 | D:1      | Reached XP level 4. HP: 36/36 MP: 4/4
  2121 | D:2      | Noticed Jessica
  2124 | D:2      | Killed Jessica
  2512 | D:2      | Found a runed translucent door.
  2513 | D:2      | Noticed Crazy Yiuf
  2517 | D:2      | Slain by Crazy Yiuf

Illustrated notes

Levels and vault maps discovered:
D:1:      scummos_arrival_simple_fountains, layout_basic
D:2:      layout_loops_ring, uniq_jessica, uniq_crazy_yiuf_cottage, uniq_terence
D:3:      layout_basic, shapermc_ecumenical_altar_mp_vishouse
D:4:      layout_loops_ring, good_gods_mini_temple, bloody_makhleb
D:5:      layout_loops_ring

Skill      XL: |  1  2  3 |
---------------+----------+-----
Dodging        | 2 |  2.5
Evocations     | 1 |  1.7
Throwing       | 1 |  1.3
Armour         | 1 |  1.6
Fighting       | |  3.6
Axes           | |  1.7
Stealth        | |  4.5
Shields        | |  0.7

Action                   |  1- 3 |  4- 6 || total
-------------------------+-------+-------++-------
Melee: Hand axe          |    24 |       ||    24
       Long sword        |    54 |    25 ||    79
       Tailslap          |     3 |     3 ||     6
Throw: Dart              |     2 |       ||     2
  Use: Scroll            |     1 |       ||     1
 Stab: Sleeping          |       |     2 ||     2
Armor: Scale mail        |    41 |     9 ||    50
Dodge: Dodged            |    30 |     5 ||    35
Block: Buckler           |       |     5 ||     5

Table legend: (Time is in decaauts)
 A = Elapsed time spent in this place.
 B = Non-inter-level travel time spent in this place.
 C = Inter-level travel time spent in this place.
 D = Time resting spent in this place.
 E = Time spent auto-exploring this place.
 F = Levels seen in this place.
 G = Mean time per level.
                   A        B        C        D        E       F      G
               +--------+--------+--------+--------+--------+-----+--------+
         Total |   2555 |   2517 |     38 |      0 |   2015 |   5 |  511.0 |
       Dungeon |   2555 |   2517 |     38 |      0 |   2015 |   5 |  511.0 |
               +--------+--------+--------+--------+--------+-----+--------+

Top non-repeatable levels by time:
     D:3: 1011 daAuts
     D:2: 828 daAuts
     D:1: 642 daAuts
     D:5: 48 daAuts
     D:4: 24 daAuts
